 Dungeon Crawl Stone Soup version 0.20.0-15-g7f486f2 (webtiles) character file.

119 polve the Ducker (level 4, -3/44 HPs)
             Began as a Troll Fighter on July 1, 2017.
             Slain by a sky beast (5 damage)
             ... on level 3 of the Dungeon.
             The game lasted 00:03:03 (1419 turns).

polve the Ducker (Troll Fighter)                    Turns: 1419, Time: 00:03:04

Health: -3/44      AC:  5    Str: 24    XL:     4   Next: 73%
Magic:  3/3        EV:  8    Int:  4    God:
Gold:   44         SH:  9    Dex: 10    Spells: 3/3 levels left

rFire    . . .     SeeInvis .     - Unarmed
rCold    . . .     Gourm    +   b - +0 shield
rNeg     . . .     Faith    .   a - +0 robe
rPois    .         Spirit   .   (helmet restricted)
rElec    .         Reflect  .   (no cloak)
rCorr    .         Harm     .   (gloves unavailable)
MR       .....                  (boots unavailable)
Stlth    +.........             (no amulet)
Regen    0.6/turn               (no ring)
MPRegen  0.1/turn               (no ring)

@: no status effects
A: unfitting armour, claws 3, fast metabolism 3, gourmand, regeneration 1,
shaggy fur 1, tough skin 2
a: no special abilities


You were on level 3 of the Dungeon.
You were very full.

You visited 1 branch of the dungeon, and saw 3 of its levels.

You collected 44 gold pieces.

Inventory:

Armour
 a - a +0 robe (worn)
 b - a +0 shield (worn)
Wands
 m - a wand of digging (5/24)
Scrolls
 e - a scroll of identify {unknown}
 g - a scroll of enchant armour {unknown}
 h - a scroll of random uselessness {unknown}
 j - a scroll of enchant weapon {unknown}
 k - a scroll of remove curse {unknown}
 l - a scroll of recharging {unknown}
Potions
 c - 2 potions of might
 n - a potion of heal wounds {unknown}
 p - a potion of curing {unknown}
Comestibles
 d - 4 bread rations
 f - 2 royal jellies
 i - 4 fruits
 o - a meat ration
 q - a chunk of flesh


   Skills:
 + Level 2.9 Fighting
 + Level 1.4 Armour
 + Level 3.0 Dodging
 + Level 2.7 Shields
 * Level 3.0 Unarmed Combat


You had 3 spell levels left.
You didn't know any spells.

Dungeon Overview and Level Annotations

Branches:
Dungeon (3/15)

Altars:


Innate Abilities, Weirdness & Mutations

You are too large for most types of armour.
You have claws for hands.
Your metabolism is lightning-fast.
You like to eat raw meat.
Your natural rate of healing is unusually fast.
You are covered in fur. (AC +1)
You have very tough skin. (AC +2)


Message History

You completely miss something. You block something's attack.
You claw something! Something hits you.
* * * LOW HITPOINT WARNING * * *
Something shocks you.
* * * LOW HITPOINT WARNING * * *
You closely miss something. Something hits you but does no damage.
You miss something. Something hits you.
* * * LOW HITPOINT WARNING * * *
Something shocks you.
* * * LOW HITPOINT WARNING * * *
You barely miss something. You block something's attack.
You barely miss something. Something hits you.
* * * LOW HITPOINT WARNING * * *
Something shocks you.
* * * LOW HITPOINT WARNING * * *
Something hits you but does no damage.
You miss something. Something hits you.
* * * LOW HITPOINT WARNING * * *
Something shocks you.
You die...

#...>........#..##....
#.............#.######
###..)).................
#......................#
###..........#####.###.#
##........## #.###..
##......## #.##..#
###.#### #.##.## #@#
#....# #.# ##..## #.#
###..###
#.#########....#..
#.......##........
#.......#........)
#...>...#....)....
#.......#...)<....
##......##......>.


There were no monsters in sight!

Vanquished Creatures
  An iguana (D:3)
  2 adders
  4 gnolls (D:3)
  A worm (D:2)
  A dart slug (D:1)
  2 leopard geckos
  3 giant cockroaches
  3 goblins
  5 hobgoblins
  A quokka (D:3)
  4 bats
  2 frilled lizards
  4 kobolds
  A rat (D:2)
34 creatures vanquished.

Notes
Turn   | Place    | Note
-------+----------+-------------------------------------------
     0 | D:1      | polve the Troll Fighter began the quest for the Orb.
     0 | D:1      | Reached XP level 1. HP: 22/22 MP: 0/0
   141 | D:1      | Reached XP level 2. HP: 29/29 MP: 1/1
   518 | D:2      | Reached XP level 3. HP: 36/36 MP: 2/2
   576 | D:2      | Reached skill level 1 in Armour
  1132 | D:3      | Reached XP level 4. HP: 23/44 MP: 3/3
  1392 | D:3      | Noticed a sky beast
  1419 | D:3      | HP: 2/44 [something (4)]
  1419 | D:3      | Slain by a sky beast

Skill      XL: |  1  2  3  4 |
---------------+-------------+-----
Armour         | 1 |  1.4
Dodging        | 3 |  3.0
Unarmed Combat | 3 |  3.0
Fighting       | |  2.9
Shields        | |  2.7

Action                   |  1- 3 |  4- 6 || total
-------------------------+-------+-------++-------
Melee: Unarmed           |    82 |    40 ||   122
  Eat: Chunk             |    15 |     3 ||    18
Armor: Robe              |    21 |    18 ||    39
Dodge: Dodged            |    27 |    11 ||    38
Block: Shield            |    26 |    13 ||    39
